 Dungeon Crawl Stone Soup version 0.25-a0-815-gab441bd002 (webtiles) character file.

Game seed: 7498430498344552582, levelgen mode: deterministic

19335 Hartz the Geomancer (level 12, -7/72 HPs)
             Began as a Gargoyle Earth Elementalist on Apr 20, 2020.
             Was a High Priest of Vehumet.
             Mangled by a tengu reaver
             ... wielding a +0 glaive
              (24 damage)
             ... on level 11 of the Dungeon.
             The game lasted 00:37:00 (13796 turns).

Hartz the Geomancer (Gargoyle Earth Elementalist)  Turns: 13796, Time: 00:37:01

Health: -7/72      AC: 14    Str: 16      XL:     12   Next: 67%
Magic:  15/23      EV: 14    Int: 21      God:    Vehumet [*****.]
Gold:   2012       SH:  0    Dex:  9 (10) Spells: 14/26 levels left

rFire    + . .     SeeInvis +   p - +2 dagger (venom)
rCold    . . .     Gourm    .   (no shield)
rNeg     + . .     Faith    .   J - +1 robe {Archmagi}
rPois    ∞         Spirit   .   y - +1 helmet {SInv}
rElec    +         Reflect  .   (no cloak)
rCorr    .         Harm     .   (no gloves)
MR       .....                  (no boots)
Stlth    +.........             c - amulet of magic regeneration
HPRegen  0.22/turn              i - +4 ring of strength
MPRegen  0.43/turn              l - ring of protection from fire

@: confused, very slightly contaminated, invisible
A: negative energy resistance 1, electricity resistance, unbreathing,
petrification resistance, rot immunity, AC +8
a: Renounce Religion


You were on level 11 of the Dungeon.
You worshipped Vehumet.
Vehumet was extremely pleased with you.
You were very hungry.

You visited 2 branches of the dungeon, and saw 12 of its levels.
You also visited: Ossuary.

You collected 4241 gold pieces.
You spent 2229 gold pieces at shops.

Inventory:

Hand Weapons
 n - a +0 flail
 p - a +2 dagger of venom (weapon)
 x - a +2 whip of flaming
 F - a +0 morningstar
 K - a cursed +4 flail
Missiles
 A - 3 throwing nets (quivered)
Armour
 f - the quicksilver dragon scales of Kisyblix {rElec rN++ MR+ Dex-2 SInv}
   (You took it off a centaur warrior on level 11 of the Dungeon)

   It affects your dexterity (-2).
   It insulates you from electricity.
   It greatly protects you from negative energy.
   It affects your resistance to hostile enchantments.
   It lets you see invisible.
 y - a +1 helmet of see invisible (worn)
 J - a +1 robe of the Archmagi (worn)
 P - +0 steam dragon scales
Magical Staves
 G - an uncursed staff of air
Jewellery
 c - an amulet of magic regeneration (around neck)
 i - a +4 ring of strength (left hand)
 l - a ring of protection from fire (right hand)
 o - an uncursed ring of fire
Wands
 u - a wand of iceblast (4)
 w - a wand of enslavement (5)
 z - a wand of flame (42)
 C - a wand of acid (1)
 O - a wand of digging (8)
Scrolls
 e - a scroll of enchant weapon
 r - 3 scrolls of teleportation
 s - 8 scrolls of remove curse
 v - 12 scrolls of identify
 D - 2 scrolls of fear
 H - a scroll of amnesia
 I - a scroll of brand weapon
 L - a scroll of blinking
Potions
 a - a potion of flight
 g - 4 potions of ambrosia
 h - 3 potions of stabbing
 j - 2 potions of magic
 m - a potion of brilliance
 q - 3 potions of resistance
 B - 2 potions of might
Comestibles
 d - 21 rations
 k - 5 chunks of flesh


   Skills:
 + Level 7.6 Fighting
 + Level 6.9 Maces & Flails
 - Level 6.1 Armour
 + Level 6.1 Dodging
 - Level 2.1 Stealth
 + Level 7.9 Spellcasting
 + Level 8.8 Conjurations
   Level 0.7 Transmutations
 + Level 10.7 Earth Magic
 - Level 6.0 Evocations


You had 14 spell levels left.
You knew the following spells:

 Your Spells              Type           Power        Failure   Level  Hunger
a - Sandblast             Erth           ######       1%          1    None
b - Stone Arrow           Conj/Erth      ######       1%          3    None
c - Lee's Rapid Deconstr  Erth           ######....   1%          5    #####..
d - Dazzling Flash        Conj/Hex       #####.       1%          3    None

Your spell library contained the following spells:

 Spells                   Type           Power        Failure   Level  Hunger
 Olgreb's Toxic Radiance  Pois           ##......     21%         4    ###....
 Passwall                 Tmut/Erth      #####...     1%          2    None
 Petrify                  Tmut/Erth      #####...     8%          4    ###....


Dungeon Overview and Level Annotations

Branches:
Dungeon (11/15)            Temple (1/1) D:6            Lair (0/6) D:11
    Orc (0/2) D:10        Ossuary (visited)

Altars:
Ashenzari
Cheibriados
Dithmenos
Elyvilon
Fedhas
Gozag
Hepliaklqana
Kikubaaqudgha
Makhleb
Nemelex Xobeh
Okawaru
Qazlal
Ru
Sif Muna
Trog
Uskayaw
Vehumet
Wu Jian
Xom
Yredelemnul
Zin
The Shining One

Shops:
D:6 =   D:11 ?}=

Portals:
Trove: D:11 (give +3 gold dragon scales)


Innate Abilities, Weirdness & Mutations

You are resistant to torment.
Your stone body is resilient. (AC +8)
You are immune to poison.
You resist negative energy. (rN+)
You are resistant to electric shocks. (rElec)
You can survive without breathing.
You are immune to petrification.
You are immune to rotting.


Message History

Casting: Stone Arrow (safe; 1% risk of failure)
Confirm with . or Enter, or press ? or * to list all spells.
Aiming: Stone Arrow (safe; 1% risk of failure)
Press: ? - help, Shift-Dir - straight line, f/p - tengu reaver
Aim: a tengu reaver, wielding a +0 glaive and wearing a +2 scale mail of poison resistance (moderately wounded)
You feel a surge of power!
The stone arrow hits the battlesphere!
The battlesphere is heavily damaged.
Casting: Stone Arrow (safe; 1% risk of failure)
Confirm with . or Enter, or press ? or * to list all spells.
Aiming: Stone Arrow (safe; 1% risk of failure)
Press: ? - help, Shift-Dir - straight line, f/p - tengu reaver
Aim: a tengu reaver, wielding a +0 glaive and wearing a +2 scale mail of poison resistance (moderately wounded)
You feel a surge of power!
The stone arrow misses the tengu reaver.
The tengu reaver hits you from afar with a +0 glaive.
* * * LOW HITPOINT WARNING * * *
You are confused.
You feel invigorated.
The tengu reaver hits you from afar with a +0 glaive!!
You die...

..?..#Z†#.....# #..###.###
#.Y☼l(#.###.# #⌠.⌠##..)#
#.#..Z#))# #.###.∩....∩.#
#......#(# #.##.⌠.⌠..)..#
.....#.)#C# #.##.#.....###
.#. ....#(###.##...###.###
#.###.#).)..........#..# }.
#.#C###.########.#.# ..
#.#...Q*@# #.#.# .
..#..##..# #.#.# ###..##..#
#.#.# #.#°...# #.#.#
#..###.## #.#.# #..###..#
#.#.# #.))..#.# #.#.#
###########.(##.#.######.#.#
.............##............#


You could see a tengu reaver, a cyclops and a battlesphere.

Vanquished Creatures
  Snorg (D:10)
  Harold (D:7)
  An ogre mage (D:11)
  2 centaur warriors (D:11)
  An unseen horror (D:10)
  Pikel (D:6)
  2 manticores (D:11)
  An orc knight (D:11)
  A cyclops (D:11)
  2 ugly things (D:11)
  A gargoyle (D:11)
  A kobold demonologist (D:11)
  An efreet (D:11)
  A troll (D:11)
  Prince Ribbit (D:6)
  A hornet (D:11)
  5 hippogriffs
  Sigmund (D:6)
  A spriggan (D:7)
  3 yaks (D:11)
  A vampire (D:10)
  7 wyverns
  A steam dragon (D:11)
  2 hungry ghosts (D:11)
  A warg (D:10)
  Menkaure (Ossuary)
  A water moccasin (D:9)
  2 acid dragons (D:11)
  Duvessa (D:6)
  5 orc warriors
  2 black bears
  3 ice beasts
  2 necrophages
  3 sky beasts
  2 phantoms
  12 centaurs
  5 ogres
  4 crocodiles (D:11)
  2 big kobolds
  4 bullfrogs
  A gnoll sergeant (D:7)
  A wyvern zombie (D:11)
  A water moccasin skeleton (D:7)
  Dowan (D:6)
  7 scorpions
  5 killer bees
  18 wights
  4 howler monkeys
  A bullfrog zombie (D:8)
  5 crimson imps
  A quasit (D:9)
  4 jellies
  A centaur skeleton (D:5)
  3 bullfrog skeletons (D:11)
  7 hounds
  7 orc priests
  Terence (D:2)
  4 iguanas
  14 orc wizards
  Natasha (thrice) (D:2)
  11 worker ants
  A killer bee zombie (D:8)
  3 mummies (Ossuary)
  A hound zombie (D:11)
  A worker ant zombie (D:11)
  9 adders
  7 gnolls
  5 shadow imps
  An ooze (D:5)
  An adder zombie (D:5)
  An adder skeleton (D:6)
  7 worms
  A dart slug (D:1)
  6 leopard geckos
  48 orcs
  10 giant cockroaches
  6 gnoll zombies (Ossuary)
  13 goblins
  14 hobgoblins
  5 jackals
  21 kobolds
  6 quokkas
  2 ball pythons
  10 bats
  6 frilled lizards
  6 gnoll skeletons (Ossuary)
  5 goblin skeletons (Ossuary)
  5 goblin zombies (Ossuary)
  3 hobgoblin skeletons (Ossuary)
  2 hobgoblin zombies (Ossuary)
  A kobold skeleton (Ossuary)
  3 kobold zombies (Ossuary)
  5 orc skeletons (Ossuary)
  4 orc zombies (Ossuary)
  6 rats
  5 rat skeletons (Ossuary)
  5 rat zombies (Ossuary)
425 creatures vanquished.

Vanquished Creatures (others)
  A bullfrog zombie (D:11)
  A quasit (D:11)
2 creatures vanquished.

Grand Total: 427 creatures vanquished

Notes
Turn   | Place    | Note
-------+----------+-------------------------------------------
     0 | D:1      | Hartz the Gargoyle Earth Elementalist began the quest for
                  | the Orb.
     0 | D:1      | Reached XP level 1. HP: 10/10 MP: 3/3
   314 | D:1      | Reached XP level 2. HP: 12/15 MP: 5/5
   320 | D:1      | Reached skill level 4 in Earth Magic
  1056 | D:2      | Noticed Natasha
  1068 | D:2      | Reached XP level 3. HP: 19/19 MP: 6/6
  1070 | D:2      | Killed Natasha
  1203 | D:2      | Learned a level 3 spell: Stone Arrow
  1361 | D:2      | Reached XP level 4. HP: 16/24 MP: 6/8
  1588 | D:2      | Found an ornate altar of the Wu Jian Council.
  1909 | D:2      | Reached skill level 1 in Conjurations
  1986 | D:2      | Reached skill level 5 in Earth Magic
  2096 | D:2      | Noticed a centaur
  2110 | D:2      | Killed a centaur
  2110 | D:2      | Reached XP level 5. HP: 22/28 MP: 5/10
  2121 | D:2      | Learned a level 5 spell: Lee's Rapid Deconstruction
  2233 | D:2      | Noticed Terence
  2252 | D:2      | Killed Terence
  2397 | D:3      | Noticed a sky beast
  2399 | D:3      | Killed a sky beast
  2399 | D:3      | Reached XP level 6. HP: 32/32 MP: 8/11
  2523 | D:2      | Noticed Natasha
  2528 | D:2      | Killed Natasha
  2528 | D:2      | Reached skill level 6 in Earth Magic
  3022 | D:2      | Noticed Natasha
  3029 | D:2      | Killed Natasha
  3675 | D:3      | Reached XP level 7. HP: 8/36 MP: 9/13
  3994 | D:3      | Found a faded altar of an unknown god.
  4370 | D:3      | Found a glowing golden altar of the Shining One.
  4729 | D:4      | Reached skill level 1 in Fighting
  4729 | D:4      | Reached skill level 1 in Armour
  4757 | D:4      | Reached skill level 1 in Maces & Flails
  4924 | D:4      | Reached skill level 1 in Evocations
  5128 | D:4      | Reached XP level 8. HP: 42/43 MP: 15/15
  5181 | D:5      | Entered Level 5 of the Dungeon
  5258 | D:5      | Reached skill level 7 in Earth Magic
  5667 | D:5      | Reached skill level 5 in Spellcasting
  6034 | D:6      | Noticed Prince Ribbit
  6038 | D:6      | Killed Prince Ribbit
  6038 | D:6      | Reached skill level 5 in Conjurations
  6063 | D:6      | Noticed Sigmund
  6107 | D:6      | Killed Sigmund
  6107 | D:6      | Reached XP level 9. HP: 45/49 MP: 13/16
  6155 | D:6      | Noticed Dowan
  6166 | D:6      | Killed Dowan
  6347 | D:6      | Noticed Duvessa
  6400 | D:6      | Killed Duvessa
  6542 | D:6      | Noticed Pikel
  6547 | D:6      | Killed Pikel
  6830 | D:6      | Reached skill level 8 in Earth Magic
  6928 | D:6      | Found a staircase to the Ecumenical Temple.
  6938 | Temple   | Entered the Ecumenical Temple
  7142 | D:6      | Found Zufoplob's Jewellery Shoppe.
  7408 | D:7      | Found a sacrificial altar of Ru.
  7415 | D:7      | Found a shattered altar of Ashenzari.
  7420 | D:7      | Found a radiant altar of Vehumet.
  7431 | D:7      | Found an ancient bone altar of Kikubaaqudgha.
  7441 | D:7      | Became a worshipper of Vehumet
  7457 | D:7      | Found a bloodstained altar of Trog.
  7462 | D:7      | Found a sparkling altar of Nemelex Xobeh.
  7472 | D:7      | Found a blossoming altar of Fedhas.
  7640 | D:7      | Noticed Harold
  7678 | D:7      | Killed Harold
  7678 | D:7      | Reached XP level 10. HP: 25/57 MP: 1/19
  8595 | D:8      | Found a snail-covered altar of Cheibriados.
  8632 | D:8      | Found a sand-covered staircase.
  8644 | Ossuary  | Entered an ossuary
  8740 | Ossuary  | Reached * piety under Vehumet
  8740 | Ossuary  | Offered knowledge of Magic Dart by Vehumet.
  9114 | Ossuary  | Noticed Menkaure
  9166 | Ossuary  | Killed Menkaure
  9166 | Ossuary  | Offered knowledge of Foxfire by Vehumet.
  9171 | Ossuary  | Reached ** piety under Vehumet
  9867 | D:8      | Reached skill level 5 in Armour
 10358 | D:9      | Offered knowledge of Mephitic Cloud by Vehumet.
 10358 | D:9      | Reached skill level 5 in Fighting
 10481 | D:9      | Reached *** piety under Vehumet
 10662 | D:8      | Reached skill level 9 in Earth Magic
 10978 | D:9      | Offered knowledge of Dazzling Flash by Vehumet.
 11056 | D:9      | Reached XP level 11. HP: 62/64 MP: 17/20
 11181 | D:9      | Reached skill level 5 in Maces & Flails
 11306 | D:10     | Entered Level 10 of the Dungeon
 11370 | D:10     | Reached **** piety under Vehumet
 11473 | D:10     | Learned a level 3 spell: Dazzling Flash
 11552 | D:10     | Noticed an unseen horror
 11581 | D:10     | Offered knowledge of Fulminant Prism by Vehumet.
 11653 | D:10     | Killed an unseen horror
 11672 | D:10     | Found a staircase to the Orcish Mines.
 11732 | D:10     | Noticed Snorg
 11822 | D:10     | Killed Snorg
 12317 | D:10     | Reached skill level 5 in Dodging
 12460 | D:11     | Reached skill level 5 in Evocations
 12596 | D:11     | Found Nol Qoyk's Magic Scroll Shoppe.
 12599 | D:11     | Found Urosh's Gadget Emporium.
 12603 | D:11     | Bought a scroll of acquirement for 572 gold pieces
 12603 | D:11     | Identified the +0 pair of gloves of the Wilderness {+Blink
                  | rElec rPois rC+ Dex-3} (You acquired it on level 11 of the
                  | Dungeon)
 12603 | D:11     | Identified the amulet "Dijunt" {+Rage +Fly rPois Int+4
                  | Dex+3} (You acquired it on level 11 of the Dungeon)
 12607 | D:11     | Bought a scroll of acquirement for 572 gold pieces
 12607 | D:11     | Bought a scroll of blinking for 82 gold pieces
 12607 | D:11     | Bought a scroll of teleportation for 33 gold pieces
 12607 | D:11     | Bought a scroll of teleportation for 33 gold pieces
 12607 | D:11     | Bought a scroll of identify for 22 gold pieces
 12615 | D:11     | Bought a scroll of remove curse for 33 gold pieces
 12615 | D:11     | Bought a scroll of fear for 38 gold pieces
 12615 | D:11     | Bought a scroll of brand weapon for 220 gold pieces
 12651 | D:11     | Noticed a green ugly thing
 12660 | D:11     | Killed a green ugly thing
 12661 | D:11     | Bought a wand of clouds (4) for 312 gold pieces
 12692 | D:11     | Found Ciath's Jewellery Emporium.
 12694 | D:11     | Found a portal to a secret trove of treasure.
 12970 | D:11     | Bought a wand of digging (8) for 312 gold pieces
 13043 | D:11     | Reached ***** piety under Vehumet
 13063 | D:11     | Offered knowledge of Olgreb's Toxic Radiance by Vehumet.
 13130 | D:11     | Found a staircase to the Lair.
 13261 | D:11     | Noticed a centaur warrior
 13261 | D:11     | Noticed a tengu reaver
 13263 | D:11     | Identified the quicksilver dragon scales of Kisyblix {rElec
                  | rN++ MR+ Dex-2 SInv}
 13283 | D:11     | HP: 2/65 [centaur warrior/arrow (23)]
 13288 | D:11     | HP: 3/65 [centaur warrior (10)]
 13292 | D:11     | Reached skill level 10 in Earth Magic
 13292 | D:11     | Killed a centaur warrior
 13303 | D:11     | Reached XP level 12. HP: 32/71 MP: 13/22
 13509 | D:11     | Noticed an ogre mage
 13516 | D:11     | Killed an ogre mage
 13768 | D:11     | Noticed a centaur warrior
 13791 | D:11     | Killed a centaur warrior
 13796 | D:11     | Mangled by a tengu reaver

Levels and vault maps discovered:
D:1:      dpeg_arrival_oval, layout_basic
D:2:      layout_loops_cross, nicolae_overflow_hidden_temple, first_ration,
          minmay_3d_cube, uniq_natasha, uniq_terence
D:3:      layout_rooms, tso_altar, chequers_ecumenical_altar_grove
D:4:      layout_loops_ring
D:5:      layout_rooms, kennysheep_generic_room_3
D:6:      layout_cave_pods, temple_doors_ab, serial_shops, kennysheep_mini_moat,
          uniq_pikel, uniq_sigmund, uniq_prince_ribbit1, uniq_duvessa
D:7:      layout_basic, grunt_temple_overflow_octagram, the_bakery,
          kennysheep_boxes, uniq_harold
D:8:      layout_basic, basic_altar, nicolae_ossuary_entry_ruins
D:9:      layout_basic
D:10:     layout_roguey, erik_orc_3, hangedman_decor_growths, uniq_snorg
D:11:     minmay_the_grid_square_5x5_5x5_mashed
          [minmay_the_grid_square_5x5_shrine1, minmay_the_grid_square_5x5_plus,
          minmay_the_grid_square_5x5_six, minmay_the_grid_square_5x5_comb,
          minmay_the_grid_square_5x5_longway,
          minmay_the_grid_square_5x5_shuriken,
          minmay_the_grid_square_5x5_prize_gold,
          minmay_the_grid_square_5x5_bracketed,
          minmay_the_grid_square_5x5_prize_pseudospiral,
          minmay_the_grid_square_5x5_checkered_statues,
          minmay_the_grid_square_5x5_inset, minmay_the_grid_square_5x5_corner,
          minmay_the_grid_square_5x5_prize_open,
          minmay_the_grid_square_5x5_hollow_slash,
          minmay_the_grid_square_5x5_six_small,
          minmay_the_grid_square_5x5_inner_v,
          minmay_the_grid_square_5x5_prize_monsterx,
          minmay_the_grid_square_5x5_forky,
          minmay_the_grid_square_5x5_prize_waves,
          minmay_the_grid_square_5x5_percent, minmay_the_grid_square_5x5_seven,
          minmay_the_grid_square_5x5_bite, minmay_the_grid_square_5x5_fat_x,
          minmay_the_grid_square_5x5_minibox, minmay_the_grid_square_5x5_v],
          layout_loops_ring, erik_lair_dragon, serial_shops, shop_statue,
          shop_fountains, shop, nicolae_trove_entry_free_sample,
          minmay_misc_feat_square
Temple:   cyrus_circular_temple

Skill      XL: |  1  2  3  4  5  6  7  8  9 10 11 12 |
---------------+-------------------------------------+-----
Earth Magic    | 4 5 6 7 8 9 10 | 10.7
Spellcasting   | 3 4 5 6 7 |  7.9
Conjurations   | 2 3 4 5 6 8 |  8.8
Fighting       | 1 2 4 5 6 7 |  7.6
Armour         | 1 2 4 5 6 |  6.1
Maces & Flails | 1 2 4 6 |  6.9
Dodging        | 2 3 4 5 6 |  6.1
Evocations     | 1 2 3 4 5 6 |  6.0
Stealth        | |  2.1
Transmutations | |  0.7

Action                   |  1- 3 |  4- 6 |  7- 9 | 10-12 || total
-------------------------+-------+-------+-------+-------++-------
Melee: Club              |    58 |       |       |       ||    58
       Short sword       |    51 |    14 |       |       ||    65
       Whip              |       |    53 |       |       ||    53
       Dagger            |       |    70 |   247 |   687 ||  1004
 Cast: Sandblast         |    26 |    40 |    68 |   144 ||   278
       Lee's Rapid Decon |       |     1 |     6 |    31 ||    38
       Stone Arrow       |       |     1 |     8 |    54 ||    63
Evoke: Wand              |       |       |     5 |    10 ||    15
  Use: Scroll            |     3 |     3 |    10 |     7 ||    23
       Potion            |       |     2 |     3 |     8 ||    13
 Stab: Sleeping          |     1 |     5 |     2 |     3 ||    11
       Distracted        |       |       |       |     2 ||     2
  Eat: Chunk             |     2 |     8 |    15 |    25 ||    50
       Ration            |       |       |       |     1 ||     1
Armor: Robe              |    69 |    60 |    83 |   287 ||   499
       Skin              |       |     6 |       |       ||     6
Dodge: Dodged            |    98 |   130 |   176 |   499 ||   903

Table legend:
 A = Non-vault XP
 B = Vault XP
 C = Vault XP percentage of total XP
 D = Non-vault monster count
 E = Vault monster count
 F = Vault count percentage of total count
                 A         B        C        D         E       F
            +---------+---------+-------+---------+---------+-------
      Total |   11306 |   16316 |  59.1 |     285 |     139 |  32.8
            +---------+---------+-------+---------+---------+-------
        D:1 |      33 |       0 |   0.0 |      21 |       0 |   0.0
        D:2 |     287 |      75 |  20.7 |      42 |       5 |  10.6
        D:3 |     384 |       0 |   0.0 |      25 |       0 |   0.0
        D:4 |     421 |       0 |   0.0 |      19 |       0 |   0.0
        D:5 |     574 |      67 |  10.5 |      21 |       1 |   4.5
        D:6 |     582 |    1369 |  70.2 |      12 |       5 |  29.4
        D:7 |     881 |    1205 |  57.8 |      21 |       2 |   8.7
        D:8 |    1261 |       0 |   0.0 |      24 |       0 |   0.0
        D:9 |    2282 |       0 |   0.0 |      47 |       0 |   0.0
       D:10 |    2440 |    1622 |  39.9 |      31 |      20 |  39.2
       D:11 |    2161 |   11701 |  84.4 |      22 |      54 |  71.1
    Ossuary |       0 |     277 | 100.0 |       0 |      52 | 100.0
            +---------+---------+-------+---------+---------+-------
